 Dungeon Crawl Stone Soup version 0.22-a0-247-gbddf880 (webtiles) character file.

180 MatthieuS the Shooter (level 5, 0/45 HPs)
             Began as a Centaur Hunter on Feb 26, 2018.
             Slain by Natasha (5 damage)
             ... on level 3 of the Dungeon.
             The game lasted 00:07:28 (2524 turns).

MatthieuS the Shooter (Centaur Hunter)              Turns: 2524, Time: 00:07:28

Health: 0/45       AC:  5    Str: 15    XL:     5   Next: 33%
Magic:  5/5        EV:  9    Int: 10    God:
Gold:   73         SH:  0    Dex: 10    Spells: 4/4 levels left

rFire    . . .     SeeInvis .   a - +4 rapier
rCold    . . .     Gourm    .   (no shield)
rNeg     . . .     Faith    .   i - +0 ring mail
rPois    .         Spirit   .   (no helmet)
rElec    .         Reflect  .   (no cloak)
rCorr    +         Harm     .   (no gloves)
MR       .....                  (no barding)
Stlth    ..........             (no amulet)
HPRegen  0.15/turn              e - ring of resist corrosion
MPRegen  0.09/turn              (no ring)

@: about to teleport, very quick
A: large, hooves 3, deformed body, speed 2, tough skin 3
a: no special abilities


You were on level 3 of the Dungeon.
You were not hungry.

You visited 1 branch of the dungeon, and saw 3 of its levels.

You collected 73 gold pieces.

Inventory:

Hand Weapons
 a - a +4 rapier (weapon)
 w - a +1 shortbow
Missiles
 d - 3 arrows
Armour
 i - a +0 ring mail (worn)
Jewellery
 e - a ring of resist corrosion (left hand)
Scrolls
 b - a scroll of enchant armour {unknown}
 c - 2 scrolls of teleportation
 j - 2 scrolls of amnesia
 k - 3 scrolls of remove curse
Potions
 g - a potion of berserk rage {unknown}
 h - a potion of flight
 m - a potion of brilliance
Comestibles
 f - 5 rations
 l - a chunk of flesh


   Skills:
 + Level 3.5 Fighting
 + Level 6.7 Bows
 + Level 2.6 Dodging
 - Level 0.4 Stealth


You had 4 spell levels left.
You didn't know any spells.

Dungeon Overview and Level Annotations

Branches:
Dungeon (3/15)

Altars:

Annotations:
D:3 2 transporters, Natasha; Robin; Violenta's ghost, amateur HOFi


Innate Abilities, Weirdness & Mutations

You have hooves in place of feet.
Armour fits poorly on your strangely shaped body.
You cover ground very quickly.
You have extremely tough skin. (AC +3)


Message History

You barely miss the goblin.
You kill the goblin!
The goblin hits you but does no damage. The hobgoblin barely misses you.
The goblin barely misses you.
Items here: ))))) [ ††††† The orc shouts!
Robin throws the goblin at you! The goblin hits you with a club.
* * * LOW HITPOINT WARNING * * *
Things that are here:
a trident; an orc corpse Natasha, Servant of Life and Death comes into view.
Natasha hisses angrily.
Natasha moves out of view.
The goblin no longer looks unusually strong.
Some of the chunks of flesh in your inventory have rotted away.
As you read the scroll of teleportation, it crumbles to dust.
You feel strangely unstable. Natasha claws you.
You die...

##.##.....#### #........
...##...S.# ###...##. .#.##.....#
#######...... .#.##.....#####
#....##..###. .#.##J....# ...
#....##......
..........#.##'######....#....#.#
#.W########............g......#..
#o).....# #.....h......g.#....#.#
#...###.# #.....@..g.og..........
....###.###..############......#.
W...#........# ### #.).#.....
............. .......#.#^)...
.#.##.......# ####..g#g#.#...
##.##......)# #.#.#g#.....
#.##.....†.# ...#g)g#.#...
.##.......# ### #...#.###.
.##.......######. #...####..


You could see Natasha, an orc, 2 hobgoblins and 2 goblins.

Vanquished Creatures
  Natasha (D:3)
  7 adders
  5 oozes
  A dart slug (D:1)
  2 leopard geckos
  8 orcs (D:3)
  2 bats
  3 giant cockroaches
  8 goblins
  8 hobgoblins
  A ball python (D:2)
  4 frilled lizards
  7 kobolds
  4 rats
61 creatures vanquished.

Notes
Turn   | Place    | Note
-------+----------+-------------------------------------------
     0 | D:1      | MatthieuS the Centaur Hunter began the quest for the Orb.
     0 | D:1      | Reached XP level 1. HP: 17/17 MP: 1/1
    50 | D:1      | Reached XP level 2. HP: 17/24 MP: 2/2
   204 | D:1      | Reached XP level 3. HP: 27/30 MP: 3/3
  1005 | D:2      | Reached skill level 6 in Bows
  1518 | D:2      | Reached XP level 4. HP: 38/38 MP: 4/4
  1650 | D:3      | Noticed Natasha
  1657 | D:3      | Killed Natasha
  1748 | D:3      | Noticed Violenta's ghost (amateur HOFi)
  2262 | D:3      | Found a transporter.
  2299 | D:3      | Reached XP level 5. HP: 37/45 MP: 5/5
  2371 | D:3      | Found a transporter.
  2499 | D:3      | Noticed Robin
  2519 | D:3      | Noticed Natasha
  2524 | D:3      | Slain by Natasha

Vault maps used:
D:1:      giann_bridges
D:3:      gammafunk_steamed_eel, uniq_robin, uniq_natasha

Skill      XL: |  1  2  3 |
---------------+----------+-----
Dodging        | 2 |  2.6
Bows           | 6 |  6.7
Fighting       | 3 |  3.5
Stealth        | |  0.4

Action                   |  1- 3 |  4- 6 || total
-------------------------+-------+-------++-------
Melee: Short sword       |       |    22 ||    22
       Kick              |       |    14 ||    14
       Rapier            |       |    41 ||    41
 Fire: Shortbow          |    96 |    25 ||   121
  Use: Scroll            |       |     7 ||     7
       Potion            |       |     1 ||     1
  Eat: Chunk             |     1 |     2 ||     3
Armor: Leather armour    |     2 |       ||     2
       Ring mail         |     7 |    47 ||    54
Dodge: Dodged            |    11 |    45 ||    56

Table legend:
 A = Spawn XP
 B = Non-spawn XP
 C = Spawn XP percentage of total XP
 D = Spawn monster count
 E = Non-spawn monster count
 F = Spawn count percentage of total count
 G = Total turns spent on level
                    A         B        C        D         E        F      G
               +---------+---------+-------+---------+---------+-------+---------
         Total |       0 |     258 |   0.0 |       0 |      61 |   0.0 |  2524
               +---------+---------+-------+---------+---------+-------+---------
           D:1 |       0 |      59 |   0.0 |       0 |      23 |   0.0 |   922
           D:2 |       0 |      49 |   0.0 |       0 |      10 |   0.0 |   996
           D:3 |       0 |     150 |   0.0 |       0 |      28 |   0.0 |   606
               +---------+---------+-------+---------+---------+-------+---------
